 Dungeon Crawl Stone Soup version 0.31.0-9-g3a7656b989 (webtiles) character file.

Game seed: 14426197084554760152

13 qw the Shooter (level 2, 0/14 HPs)
             Began as a Spriggan Hunter on Feb 2, 2024.
             Succumbed to a kobold's poison
             ... on level 1 of the Dungeon.
             The game lasted 00:00:00 (101 turns).

qw the Shooter (Spriggan Hunter)                     Turns: 101, Time: 00:00:00

Health: 0/14       AC:  2    Str:  7    XL:     2   Next: 24%
Magic:  3/3        EV: 19    Int: 10    God:
Gold:   18         SH:  0    Dex: 18    Spells: 1/1 levels left

rFire   . . .        a - +0 shortbow
rCold   . . .        (shield currently unavailable)
rNeg    . . .        c - +0 robe
rPois   .            (helmet restricted)
rElec   .            (no cloak)
rCorr   .            (gloves unavailable)
SInv    +            (boots unavailable)
Will    .....        (no amulet)
Stlth   ++           (no ring)
HPRegen 0.22/turn    (no ring)
MPRegen 0.08/turn

%: no passive effects
@: lethally poisoned (0 -> -21), very quick
A: very small, no large weapons, unfitting armour, see invisible, speed 3
a: no special abilities


You were on level 1 of the Dungeon.
You visited 1 branch of the dungeon, and saw 1 of its levels.

You collected 18 gold pieces.


Innate Abilities, Weirdness & Mutations

You are very small and have problems with some larger weapons.
You are too small for most types of armour.
You have supernaturally acute eyesight. (SInv)
You cover ground extremely quickly. (Speed+++)


   Skills:
 - Level 1.5 Fighting
 + Level 4.0 Ranged Weapons
 - Level 4.0 Dodging
 - Level 1.5 Stealth


You had one spell level left.
You didn't know any spells.
Your spell library was empty.

Inventory:

Hand Weapons
 a - a +0 shortbow (weapon)
Armour
 c - a +0 robe (worn)
Scrolls
 b - a scroll of butterflies
Potions
 d - a potion of attraction {unknown}

Dungeon Overview and Level Annotations

Branches:
Dungeon (1/15)

Altars:


Message History

The frilled lizard misses you.
You shoot an arrow.
The arrow closely misses the frilled lizard.
The arrow barely misses the kobold.
The frilled lizard completely misses you.
You shoot an arrow.
The arrow barely misses the frilled lizard.
The arrow closely misses the kobold.
The frilled lizard bites you.
You shoot an arrow. The arrow misses the frilled lizard.
The arrow hits the kobold but does no damage.
The frilled lizard completely misses you.
You shoot an arrow. The arrow misses the frilled lizard.
The arrow barely misses the kobold.
A kobold comes into view.
It is wielding a +0 short sword of venom.
The frilled lizard barely misses you. The frilled lizard misses you.
You shoot an arrow. The kobold shouts!
The arrow hits the frilled lizard!
You kill the frilled lizard!
The kobold throws a stone.
The stone barely misses you.
Your Dodging skill increases to level 4!
You shoot an arrow. The arrow barely misses the kobold.
You shoot an arrow. The arrow hits the kobold.
The kobold is severely wounded.
The kobold closely misses you.
You shoot an arrow. The arrow barely misses the kobold.
The kobold barely misses you.
You shoot an arrow. The arrow hits the kobold.
You kill the kobold!
The kobold hits you with a +0 short sword of venom.
You are lethally poisoned!
You shoot an arrow.
The arrow hits the kobold but does no damage.
You feel very sick.
The kobold hits you with a +0 short sword of venom.
You are more poisoned.
You shoot an arrow. The arrow hits the kobold.
You kill the kobold!
You die...

#..... ..... .... .).
..## %.# #)# ##### #@#
#^... #.# ##### #.#
#####.... #.######
#........
#.##...###.###....
#.......##.# #....
##.......#.###....
#.......#......##
#######..........#.....


There were no monsters in sight!

Vanquished Creatures
  2 ball pythons (D:1)
  A giant cockroach (D:1)
  A goblin (D:1)
  2 hobgoblins (D:1)
  A quokka (D:1)
  A frilled lizard (D:1)
  4 kobolds (D:1)
  2 rats (D:1)
14 creatures vanquished.

Notes
Turn   | Place    | Note
-------+----------+-------------------------------------------
     0 | D:1      | qw the Spriggan Hunter began the quest for the Orb.
     0 | D:1      | Reached XP level 1. HP: 10/10 MP: 2/2
     0 | D:1      | 0 ||| qw: Version: 0.3-a-155-g5e7d8dd
     0 | D:1      | 0 ||| qw: Game counter: 548
     0 | D:1      | 0 ||| qw: Melee chars always use a shield: true
     0 | D:1      | 0 ||| qw: God list: Okawaru
     0 | D:1      | 0 ||| qw: Allow faded altars: false
     0 | D:1      | 0 ||| qw: Do Orc after clearing Dungeon:15 true
     0 | D:1      | 0 ||| qw: Do second Lair branch before Depths: true
     0 | D:1      | 0 ||| qw: Lair rune preference: random
     0 | D:1      | 0 ||| qw: Goals: Normal
     0 | D:1      | 0 ||| PLANNING D:1-11
    16 | D:1      | Reached skill level 3 in Dodging
    31 | D:1      | Reached XP level 2. HP: 14/14 MP: 3/3
   101 | D:1      | Succumbed to a kobold's poison

Levels and vault maps discovered:
D:1:      elethiomel_arrival_quiet, layout_rooms, amcnicky_mini_corridor_feature

Skill      XL: |  1  2 |
---------------+-------+-----
Dodging        | 3 4 |  4.0
Fighting       | |  1.5
Ranged Weapons | |  4.0
Stealth        | |  1.5

Action                     || total
---------------------------++-------
   Fire: Shortbow          ||    33
 Armour: Robe              ||     4
  Dodge: Dodged            ||    12

Table legend:
 A = Non-vault XP
 B = Vault XP
 C = Vault XP percentage of total XP
 D = Non-vault monster count
 E = Vault monster count
 F = Vault count percentage of total count
                 A         B        C        D         E       F
            +---------+---------+-------+---------+---------+-------
      Total |      20 |       0 |   0.0 |      14 |       0 |   0.0
            +---------+---------+-------+---------+---------+-------
        D:1 |      20 |       0 |   0.0 |      14 |       0 |   0.0
            +---------+---------+-------+---------+---------+-------
